[Event "Late-Titled-Tuesday-Blitz-June-04-2024"]
[Site "Chess.com"]
[Date "2024.06.04"]
[Round "3"]
[White "JosephRyan"]
[Black "destroyer305"]
[Result "0-1"]
[WhiteElo "2213"]
[BlackElo "2442"]
[TimeControl "180+1"]
[EndTime "14:26:24 PDT"]
[Termination "destroyer305 won by resignation"]

1. e4 c5 2. Nf3 d6 3. Bb5+ Nd7 4. d4 a6 5. Bxd7+ Bxd7 6. Nc3 cxd4 7. Qxd4 e6 8. Bg5 Nf6 9. O-O-O Be7 10. Rhe1 O-O 11.
e5 dxe5 12. Nxe5 Bb5 13. Qxd8 Rfxd8 14. a4 Be8 15. Rxd8 Rxd8 16. Rd1 h6 17. Rxd8 Bxd8 18.
Be3 Ba5 19. Bd4 Bxc3 20. Bxc3 Bxa4 21. Nc4 Bc6 22. f3 Nd5 23. Bd4 Nf4 24. Kd2 Nxg2 25.
Ke2 Nf4+ 26. Ke3 Nd5+ 27. Kf2 f6 28. c3 e5 29. Bc5 Kf7 30. Ne3 Nf4 31. b4 Nd3+ 32. Ke2 Nxc5 33. bxc5 Ke6 34. Nc4 Kd5 35. Nd6 Kxc5 36. Nf5 a5 37. Nxg7 a4 38. Kd2 a3 39.
Kc2 Bxf3 40. Kb3 e4 41. Nf5 Kd5 42. Kxa3 Ke5 43. Ne3 f5 44. Kb4 f4 45. Nf1 e3 0-1

[Event "Late-Titled-Tuesday-Blitz-June-04-2024"]
[Site "Chess.com"]
[Date "2024.06.04"]
[Round "3"]
[White "MrEscacs"]
[Black "jbking07"]
[Result "1-0"]
[WhiteElo "2145"]
[BlackElo "2366"]
[TimeControl "180+1"]
[EndTime "14:26:24 PDT"]
[Termination "MrEscacs won by resignation"]

1. e4 c5 2. c3 d5 3. exd5 Qxd5 4.
d4 Nc6 5. Nf3 Bf5 6. Na3 cxd4 7.
Nb5 O-O-O 8. cxd4 e5 9. Be2 exd4 10. Bd3 Bb4+ 11. Kf1 Nge7 12. Bf4 a6 13. Na3 Bxa3 14.
bxa3 Ng6 15. Bg3 h5 16. h4 Rhe8 17. Rc1 f6 18. Bxf5+ Qxf5 19. Nxd4 Qd5 20. Qa4 Qc4+ 21. Qxc4 1-0

[Event "Late-Titled-Tuesday-Blitz-June-04-2024"]
[Site "Chess.com"]
[Date "2024.06.04"]
[Round "3"]
[White "KIEV-1"]
[Black "Smoking_Crow"]
[Result "1-0"]
[WhiteElo "2365"]
[BlackElo "2548"]
[TimeControl "180+1"]
[EndTime "14:26:33 PDT"]
[Termination "KIEV-1 won by resignation"]

1. e4 e5 2. Nf3 Nc6 3. Bc4 Nf6 4. d3 Bc5 5. O-O d6 6. h3 Bb6 7. Nc3 O-O 8. Bg5 h6 9. Be3 Ne7 10. d4 Ng6 11. Qd2 Ba5 12. Qd3 Qe7 13. dxe5 dxe5 14. Nd5 Nxd5 15. Bxd5 c6 16. Bb3 Bb6 17. Bxb6 axb6 18.
Rad1 Be6 19. Qc3 Qf6 20. Rd6 Rfd8 21. Rfd1 Rxd6 22. Rxd6 Qf4 23. Bxe6 fxe6 24. Rxe6 Qf7 25. Qb3 Rd8 26. Rxg6 Rd1+ 27. Kh2 Qxb3 28. axb3 Rb1 29.
Nxe5 Rxb2 30. Rd6 Rxc2 31. f4 b5 32. f5 Kf8 33. Rd7 Re2 34. Ng6+ Ke8 35. Re7+ Kd8 36. Kg3 c5 37. e5 c4 38. bxc4 bxc4 39. Rxb7 c3 40. Rb1 c2 41. Rc1 Ke8 42. Kf3 Rd2 43.
Nf4 Kf7 44. Ke3 Rd8 45. Rxc2 h5 46. Rc7+ Kg8 47. Nxh5 Rd1 48. Rxg7+ Kh8 49. Rc7 Re1+ 50. Kf2 Rxe5 51. g4 Ra5 52. Kg3 Ra3+ 53. Kh4 Rb3 54. Kg5 Rb8 55. Nf6 1-0

[Event "Late-Titled-Tuesday-Blitz-June-04-2024"]
[Site "Chess.com"]
[Date "2024.06.04"]
[Round "3"]
[White "ChessFanNM"]
[Black "SharathRk6"]
[Result "0-1"]
[WhiteElo "2251"]
[BlackElo "2518"]
[TimeControl "180+1"]
[EndTime "14:26:33 PDT"]
[Termination "SharathRk6 won by resignation"]

1. e4 e5 2. Nf3 Nc6 3. Nc3 Nf6 4. Bb5 a6 5. Bxc6 dxc6 6. Nxe5 Nxe4 7. Nxe4 Qd4 8. O-O Qxe5 9. Re1 Be6 10. d4 Qf5 11. Ng5 O-O-O 12. Nxe6 fxe6 13. Qe2 Rxd4 14. Be3 Rd8 15. c3 Bd6 16. b4 Qe5 17. g3 Qxc3 18.
Qg4 Rhe8 19. Rab1 Kb8 20. a4 h5 21. Qxh5 Bxb4 22. Rec1 Qa3 23. Qg4 a5 24. Qxg7 Qxa4 25.
Bf4 Bd6 26. Bxd6 Rxd6 27. Qf7 Red8 28. Qf3 Rd3 29. Qxc6 Qxc6 30. Rxc6 Rd1+ 31. Rxd1 Rxd1+ 32. Kg2 bxc6 0-1

[Event "Late-Titled-Tuesday-Blitz-June-04-2024"]
[Site "Chess.com"]
[Date "2024.06.04"]
[Round "3"]
[White "RebecaJimnz"]
[Black "whiteglovethief"]
[Result "1-0"]
[WhiteElo "2294"]
[BlackElo "2525"]
[TimeControl "180+1"]
[EndTime "14:26:35 PDT"]
[Termination "RebecaJimnz won by resignation"]

1. e4 e6 2. d3 d5 3. Nd2 Nc6 4. Ngf3 e5 5. exd5 Qxd5 6. g3 Nf6 7. Bg2 Bg4 8. O-O Bc5 9. Qe1 O-O 10. Ng5 Qd7 11.
Nde4 Nxe4 12. Nxe4 Bb6 13. Be3 Rae8 14. Nc5 Qc8 15.
Qc3 Bh3 16. Bxh3 Qxh3 17. Nxb7 Nd4 18. Bxd4 exd4 19. Qd2 Re5 20. Rae1 Rh5 21. f4 Qc8 22. Qg2 Re8 23. Qc6 Rf8 24. b4 Rh6 25. Qg2 c6 26.
Nc5 Bxc5 27. bxc5 Qa6 28. Qe4 Qxa2 29. Qxd4 Qxc2 30. Rf2 g6 31. Rxc2 1-0

[Event "Late-Titled-Tuesday-Blitz-June-04-2024"]
[Site "Chess.com"]
[Date "2024.06.04"]
[Round "3"]
[White "rezamahdavi2008"]
[Black "ReadySkate"]
[Result "1-0"]
[WhiteElo "2935"]
[BlackElo "2709"]
[TimeControl "180+1"]
[EndTime "14:26:37 PDT"]
[Termination "rezamahdavi2008 won by resignation"]

1. e4 c5 2. Nf3 d6 3. d4 cxd4 4.
Nxd4 Nf6 5. Nc3 a6 6. h3 e5 7. Nb3 h5 8. Bg5 Be6 9. f4 exf4 10. Bxf4 Nc6 11. Qd2 d5 12. O-O-O dxe4 13. Qe3 Qc8 14.
Bg5 Be7 15. Nc5 O-O 16. N5xe4 Nxe4 17. Nxe4 Nb4 18. c3 Bxg5 19. Qxg5 f6 20. Qc5 Nxa2+ 21. Kb1 Bf5 22. Qd5+ Kh8 23. Bd3 Rd8 24. Nd6 Rxd6 25. Qxd6 Bxd3+ 26. Rxd3 Qc4 27. Qd5 1-0

[Event "Late-Titled-Tuesday-Blitz-June-04-2024"]
[Site "Chess.com"]
[Date "2024.06.04"]
[Round "3"]
[White "stolencandy13"]
[Black "Road2GM3000"]
[Result "1-0"]
[WhiteElo "2633"]
[BlackElo "2442"]
[TimeControl "180+1"]
[EndTime "14:26:39 PDT"]
[Termination "stolencandy13 won on time"]

1. d4 d5 2. Bf4 c6 3. e3 Nf6 4. Bd3 Bg4 5. Nf3 e6 6. c4 Bd6 7. Bg3 O-O 8. Qb3 Bxg3 9. hxg3 Qb6 10. Ne5 Qxb3 11. axb3 Bf5 12. Bxf5 exf5 13. Nc3 Rd8 14.
Ke2 Nbd7 15. Nxd7 Rxd7 16. Ra5 a6 17. cxd5 Nxd5 18. Nxd5 cxd5 19. Rc1 Kf8 20. b4 Ke7 21. b5 Ke6 22. bxa6 bxa6 23. Rca1 Rd6 24. b4 Rb8 25. R1a4 Ke7 26. Kd3 Rbb6 27. Kc3 Re6 28. Rxd5 g6 29. Re5 Rxe5 30. dxe5 Ke6 31. Kd4 h5 32. f4 Kd7 33.
Kc5 Rc6+ 34. Kd5 Rb6 35. e4 fxe4 36. Kxe4 1-0

[Event "Late-Titled-Tuesday-Blitz-June-04-2024"]
[Site "Chess.com"]
[Date "2024.06.04"]
[Round "3"]
[White "WilliamAlfaroCaracas"]
[Black "ChessQueen"]
[Result "1-0"]
[WhiteElo "2401"]
[BlackElo "2725"]
[TimeControl "180+1"]
[EndTime "14:26:39 PDT"]
[Termination "WilliamAlfaroCaracas won by checkmate"]

1. d4 f5 2. Nf3 Nf6 3. Nc3 d5 4.
Bf4 c6 5. e3 Be6 6. Bd3 Ne4 7.
h3 Nxc3 8. bxc3 Nd7 9. g4 Qa5 10. gxf5 Qxc3+ 11. Ke2 Bf7 12. Rb1 b5 13. Ng5 Bh5+ 14. f3 e5 15. Rb3 Qa5 16. Bxe5 Nxe5 17. dxe5 O-O-O 18. Ne6 Re8 19. a4 Qxa4 20. Qa1 Qxa1 21.
Rxa1 Kb7 22. Bxb5 cxb5 23. Rxb5+ Kc8 24. Rxa7 Re7 25. Ra8+ Kd7 26. Rb7+ Kc6 27. Nd8+ Kc5 28. Rc8+ Rc7 29. Rcxc7# 1-0

[Event "Late-Titled-Tuesday-Blitz-June-04-2024"]
[Site "Chess.com"]
[Date "2024.06.04"]
[Round "3"]
[White "guineo59"]
[Black "boguszp"]
[Result "1-0"]
[WhiteElo "2343"]
[BlackElo "1985"]
[TimeControl "180+1"]
[EndTime "14:26:39 PDT"]
[Termination "guineo59 won on time"]

1. d4 d5 2. Nf3 Nf6 3. e3 e6 4.
Nbd2 c5 5. c3 Bd6 6. Bd3 Nbd7 7.
O-O b6 8. Qe2 Bb7 9. e4 dxe4 10.
Nxe4 Nxe4 11. Bxe4 Bxe4 12. Qxe4 O-O 13. Bg5 Qc7 14. Rfe1 Rae8 15. Rad1 cxd4 16. Rxd4 Nc5 17. Qg4 f5 18. Qh5 e5 19. Rd5 Qc6 20. Red1 Re6 21.
Be3 g6 22. Qh6 Bc7 23. Bxc5 bxc5 24. Rd7 Rf7 25. Rxf7 Kxf7 26. Ng5+ 1-0

[Event "Late-Titled-Tuesday-Blitz-June-04-2024"]
[Site "Chess.com"]
[Date "2024.06.04"]
[Round "3"]
[White "BogdanDeac"]
[Black "BardArtem"]
[Result "1-0"]
[WhiteElo "3021"]
[BlackElo "2722"]
[TimeControl "180+1"]
[EndTime "14:26:44 PDT"]
[Termination "BogdanDeac won by resignation"]

1. b3 d5 2. Bb2 Bf5 3. e3 Nf6 4.
c4 e6 5. cxd5 exd5 6. Qf3 Bg6 7.
Bxf6 gxf6 8. Ne2 Nc6 9. Nf4 Be4 10. Qd1 Bd6 11. Nh5 Qe7 12. Nc3 O-O-O 13. Nxe4 dxe4 14.
Bb5 Bb4 15. Qg4+ Kb8 16. Bxc6 Bxd2+ 17. Ke2 bxc6 18. Ng3 Qc5 19. Qxe4 Rhe8 20. Qf4 Qb5+ 21. Qc4 Rd3 1-0

[Event "Late-Titled-Tuesday-Blitz-June-04-2024"]
[Site "Chess.com"]
[Date "2024.06.04"]
[Round "3"]
[White "ericovski"]
[Black "dropstoneDP"]
[Result "0-1"]
[WhiteElo "2585"]
[BlackElo "2962"]
[TimeControl "180+1"]
[EndTime "14:26:46 PDT"]
[Termination "dropstoneDP won by resignation"]

1. Nf3 Nf6 2. c4 c5 3. g3 Nc6 4. Bg2 d5 5. cxd5 Nxd5 6. O-O e5 7. Nc3 Be6 8. d3 Be7 9. Bd2 O-O 10. Nxd5 Bxd5 11. Bc3 f6 12. Nd2 Kh8 13. a4 b6 14.
Bxd5 Qxd5 15. Qb3 Qd7 16. Nc4 Rab8 17. Rfc1 h5 18. Qd1 Qh3 19. e3 Qg4 20. Kg2 Rbd8 21. Qxg4 hxg4 22. Rd1 Rd7 23. Rd2 Rfd8 24. Rad1 Kg8 25.
h3 gxh3+ 26. Kxh3 Kf7 27. Kg2 g5 28. e4 Kg6 29. Ne3 Bf8 30. f4 gxf4 31. gxf4 exf4 32. Nd5 Bh6 33. Kf3 Bg5 34. Rg2 Rxd5 35. exd5 Rxd5 36. Ke4 Rd7 37. d4 cxd4 38. Bxd4 f5+ 39. Kf3 Nxd4+ 40.
Kf2 Kf6 41. Rd3 f3 42. Rg1 Re7 43. Rgd1 Bh4+ 44. Kf1 f2 45. Kg2 Re1 0-1

[Event "Late-Titled-Tuesday-Blitz-June-04-2024"]
[Site "Chess.com"]
[Date "2024.06.04"]
[Round "3"]
[White "Umumba_FM"]
[Black "Nemsko"]
[Result "1-0"]
[WhiteElo "2589"]
[BlackElo "2343"]
[TimeControl "180+1"]
[EndTime "14:26:46 PDT"]
[Termination "Umumba_FM won by resignation"]

1. d4 Nf6 2. c4 e6 3. g4 Nxg4 4. e4 Nf6 5. e5 Ng8 6. Bg2 d6 7. Nf3 Nc6 8. exd6 Bxd6 9. Nc3 Nf6 10. Bg5 Be7 11. Qd3 h6 12. Bh4 O-O 13. Rg1 Kh8 14.
O-O-O Nh7 15. Bg3 a6 16. h4 Rb8 17. Kb1 Bd7 18. Bf1 Na7 19. Ne5 Bf6 20. Qe4 Bc6 21.
d5 exd5 22. cxd5 Bd7 23. Bd3 g6 24. Nxg6+ fxg6 25. Qxg6 Qe7 26. Bxc7 Rbc8 27. Bd6 Qf7 28. Bxf8 Qxg6 29. Rxg6 Rxf8 30. Rxh6 Kg7 31. Rxh7+ Kg8 1-0

[Event "Late-Titled-Tuesday-Blitz-June-04-2024"]
[Site "Chess.com"]
[Date "2024.06.04"]
[Round "3"]
[White "Mackster23"]
[Black "Heinza9"]
[Result "1-0"]
[WhiteElo "2669"]
[BlackElo "2358"]
[TimeControl "180+1"]
[EndTime "14:26:47 PDT"]
[Termination "Mackster23 won by checkmate"]

1. e4 e6 2. d4 d5 3. Nc3 Nf6 4.
Bg5 Bb4 5. e5 h6 6. Be3 Ne4 7.
Qg4 g6 8. Bd3 Nxc3 9. a3 h5 10.
Qf3 Ba5 11. Bd2 c5 12. bxc3 cxd4 13. cxd4 Bxd2+ 14. Kxd2 Nc6 15. Ne2 Qg5+ 16. Qe3 Qxe3+ 17. fxe3 Bd7 18. c4 dxc4 19. Bxc4 Na5 20. Ba2 Ke7 21. Nc3 Rac8 22. Ne4 Rc7 23. Rhf1 Rd8 24. Nd6 Be8 25. Rf6 b6 26. Raf1 Nb7 27. Rxf7+ Bxf7 28. Rxf7# 1-0

[Event "Late-Titled-Tuesday-Blitz-June-04-2024"]
[Site "Chess.com"]
[Date "2024.06.04"]
[Round "3"]
[White "dolynachess"]
[Black "K_A_S_T_O_R"]
[Result "0-1"]
[WhiteElo "2512"]
[BlackElo "2874"]
[TimeControl "180+1"]
[EndTime "14:26:47 PDT"]
[Termination "K_A_S_T_O_R won by resignation"]

1. d4 Nf6 2. c4 e6 3. g3 c5 4. Bg2 cxd4 5. Nf3 e5 6. O-O Nc6 7. e3 dxe3 8. Bxe3 d6 9. Nc3 Be7 10. Qb3 O-O 11. Rad1 Na5 12. Qb4 Be6 13. b3 d5 14. Bc5 Bxc5 15. Qxc5 Nd7 16. Qd6 dxc4 17. Nxe5 Nxe5 18. Qxe5 Qb6 19. Na4 Qa6 20. Nc5 Qb5 21.
a4 Qb6 22. Nxe6 fxe6 23. Rd6 Qb4 24. Qxe6+ Kh8 25. bxc4 Rae8 26. Qd5 Nxc4 27. Rd7 Nb6 28. Rxb7 Nxd5 29. Rxb4 Nxb4 0-1

[Event "Late-Titled-Tuesday-Blitz-June-04-2024"]
[Site "Chess.com"]
[Date "2024.06.04"]
[Round "3"]
[White "WPWPWP-2015"]
[Black "malti"]
[Result "1-0"]
[WhiteElo "2525"]
[BlackElo "2117"]
[TimeControl "180+1"]
[EndTime "14:26:47 PDT"]
[Termination "WPWPWP-2015 won on time"]

1. d4 Nf6 2. c4 g6 3. Nf3 Bg7 4. g3 O-O 5. Bg2 d6 6. O-O Bg4 7. Qb3 Nc6 8. e3 Rb8 9. Nc3 Qd7 10. Re1 Qf5 11. Nh4 Qh5 12. h3 Bxh3 13. Bxh3 g5 14.
Qd1 Qxd1 15. Rxd1 gxh4 16. gxh4 e5 17. Nb5 Ne8 18. d5 Na5 19. b3 a6 20. Nc3 f5 21. e4 f4 22. Bd2 b6 23. Be6+ Kh8 24. f3 Nb7 25. Kh2 Nc5 26. Bg4 Nf6 27. Bf5 Nh5 28. Ne2 Bf6 29. Kh3 Rg8 30. Bg4 Ng3 31.
Nxg3 fxg3 32. Be3 Rg7 33. Rd2 Rbg8 34. Rg1 1-0

[Event "Late-Titled-Tuesday-Blitz-June-04-2024"]
[Site "Chess.com"]
[Date "2024.06.04"]
[Round "3"]
[White "MaxLeto"]
[Black "MaestroCheck"]
[Result "0-1"]
[WhiteElo "2439"]
[BlackElo "2622"]
[TimeControl "180+1"]
[EndTime "14:26:48 PDT"]
[Termination "MaestroCheck won on time"]

1. g4 d5 2. Bg2 c6 3. h3 h5 4. g5 e5 5. d4 e4 6. c4 Ne7 7. Nc3 Ng6 8. h4 Be6 9. Qb3 Qd7 10. Be3 Bd6 11. Nh3 Nxh4 12. Bf1 Nf5 13. O-O-O Nxe3 14. fxe3 Na6 15. cxd5 cxd5 16. Nf4 Bxf4 17.
exf4 g6 18. e3 Nc7 19. Qxb7 O-O 20. Bb5 Qe7 21. Ba4 Rfb8 22. Qc6 Rb6 23. Qc5 Qd8 24.
Bb3 Na6 25. Qa5 Nb4 26. Kb1 Qd6 27. Na4 Nd3 0-1

[Event "Late-Titled-Tuesday-Blitz-June-04-2024"]
[Site "Chess.com"]
[Date "2024.06.04"]
[Round "3"]
[White "arctic_t00"]
[Black "joksijoksi"]
[Result "1-0"]
[WhiteElo "2639"]
[BlackElo "2460"]
[TimeControl "180+1"]
[EndTime "14:26:50 PDT"]
[Termination "arctic_t00 won by resignation"]

1. Nf3 Nf6 2. g3 b5 3. Bg2 Bb7 4. O-O g6 5. b3 Bg7 6. Bb2 O-O 7. c4 a6 8. Na3 bxc4 9. Nxc4 c5 10.
Rc1 Nc6 11. Nfe5 Rc8 12. d4 cxd4 13. Bxd4 d6 14. Nxc6 Bxc6 15. Nb6 Bd7 16. Nxc8 Bxc8 17. Qd2 Be6 18. Rc6 a5 19. Rfc1 Nd7 20. Bxg7 Kxg7 21. Qc3+ Nf6 22. h3 h5 23. Rc7 d5 24.
Qxa5 Qd6 25. Qc5 Qe5 26. e3 h4 27. Qd4 Qh5 28. g4 Qh6 29. f4 Ra8 30. g5 Qh5 31.
Rxe7 Rxa2 32. Qxf6+ Kg8 33. Re8+ 1-0

[Event "Late-Titled-Tuesday-Blitz-June-04-2024"]
[Site "Chess.com"]
[Date "2024.06.04"]
[Round "3"]
[White "Zhigalko_Sergei"]
[Black "DreamsAreFake"]
[Result "0-1"]
[WhiteElo "2908"]
[BlackElo "2695"]
[TimeControl "180+1"]
[EndTime "14:26:51 PDT"]
[Termination "DreamsAreFake won on time"]

1. e4 c5 2. Nf3 Nc6 3. c3 d5 4. exd5 Qxd5 5. d4 Bg4 6. dxc5 Qxc5 7. Na3 a6 8. Be3 Qh5 9. Be2 Nf6 10. Qb3 b5 11.
O-O-O e5 12. Nxb5 axb5 13. Bxb5 Bxf3 14. gxf3 Qxf3 15. Rhg1 g6 16. Rg5 Nd7 17. Qc4 Rc8 18.
Rg3 Qf6 0-1

[Event "Late-Titled-Tuesday-Blitz-June-04-2024"]
[Site "Chess.com"]
[Date "2024.06.04"]
[Round "3"]
[White "duone"]
[Black "jk13"]
[Result "1-0"]
[WhiteElo "2393"]
[BlackElo "2667"]
[TimeControl "180+1"]
[EndTime "14:26:52 PDT"]
[Termination "duone won by resignation"]

1. e4 e5 2. Nf3 Nc6 3. Bb5 a6 4. Ba4 Nf6 5. O-O b5 6. Bb3 Bc5 7. c3 d6 8. d4 Bb6 9. Re1 O-O 10. a4 Bg4 11. Be3 Rb8 12. Na3 Bxf3 13. gxf3 Nh5 14. Kh1 Qf6 15. axb5 axb5 16. Nxb5 Ne7 17. Rg1 h6 18.
Na3 exd4 19. cxd4 c5 20. d5 Ng6 21. Nc4 Bc7 22. Bc2 Ra8 23. Rxa8 Rxa8 24. Bd3 Nh4 25. Be2 Nf4 26. Bxf4 Qxf4 27. Qd2 Qf6 28. f4 Ng6 29. f5 Ne5 30. Nxe5 Qxe5 31. f3 Kf8 32. Qc3 Qxc3 33. bxc3 Ra2 34. Bc4 Bd8 35. Bxa2 1-0

[Event "Late-Titled-Tuesday-Blitz-June-04-2024"]
[Site "Chess.com"]
[Date "2024.06.04"]
[Round "3"]
[White "familijatop71"]
[Black "Valiyev_Shahin"]
[Result "0-1"]
[WhiteElo "2291"]
[BlackElo "2557"]
[TimeControl "180+1"]
[EndTime "14:26:52 PDT"]
[Termination "Valiyev_Shahin won by checkmate"]

1. e4 c5 2. c3 g6 3. d4 Bg7 4. Nf3 cxd4 5. cxd4 d5 6. e5 Nc6 7. h3 h5 8. Bb5 Nh6 9. Nc3 a6 10. Bxc6+ bxc6 11. O-O O-O 12. Na4 a5 13. Nc5 Ba6 14. Re1 Qc8 15. Bf4 Qf5 16. Qd2 Kh7 17. Ng5+ Kh8 18.
Nf3 Ng8 19. Rac1 Qc8 20. e6 f6 21. Nd7 Qb7 22. Nxf8 Rxf8 23. h4 Kh7 24. Qc3 Rc8 25. Nd2 a4 26. b3 a3 27. b4 Bh6 28. Bxh6 Nxh6 29. Nb3 Ng4 30. Nc5 Qa7 31. Nxa6 Qxa6 32. f3 Nh6 33. Qc5 Qb7 34. b5 Nf5 35. bxc6 Qc7 36.
Rb1 Qg3 37. c7 Rxc7 38. Qxa3 Rc2 39. Rb2 Qxg2# 0-1

[Event "Late-Titled-Tuesday-Blitz-June-04-2024"]
[Site "Chess.com"]
[Date "2024.06.04"]
[Round "3"]
[White "frederiksvane"]
[Black "KingCyber19"]
[Result "1-0"]
[WhiteElo "2890"]
[BlackElo "2618"]
[TimeControl "180+1"]
[EndTime "14:26:53 PDT"]
[Termination "frederiksvane won by resignation"]

1. c4 c5 2. g3 Nf6 3. Bg2 g6 4.
Nc3 Bg7 5. d3 d6 6. Bf4 h6 7.
Nf3 e5 8. Bd2 O-O 9. O-O Be6 10.
a3 Nc6 11. b4 e4 12. Ne1 exd3 13. exd3 cxb4 14. axb4 Nxb4 15. Rb1 a5 16. Na4 d5 17.
Nc5 dxc4 18. Nxe6 fxe6 19. dxc4 Qc7 20. Qe2 Kh7 21. Bxb4 axb4 22. Rxb4 Rac8 23. Nd3 Rfe8 24. Ne5 Nd7 25. Nxg6 Kxg6 26. Rxb7 Qxc4 27. Be4+ Kf6 28. Qg4 Qd4 29. Rd1 1-0

[Event "Late-Titled-Tuesday-Blitz-June-04-2024"]
[Site "Chess.com"]
[Date "2024.06.04"]
[Round "3"]
[White "Zorbos"]
[Black "StoreySniper"]
[Result "1-0"]
[WhiteElo "2723"]
[BlackElo "2480"]
[TimeControl "180+1"]
[EndTime "14:26:53 PDT"]
[Termination "Zorbos won on time"]

1. d4 g6 2. e4 Bg7 3. Nf3 c5 4. dxc5 Qa5+ 5. Nc3 Bxc3+ 6. bxc3 Qxc3+ 7. Bd2 Qxc5 8. Bd3 d6 9. O-O Nd7 10. Re1 Ngf6 11.
Be3 Qc7 12. Bd4 O-O 13. e5 dxe5 14. Nxe5 b6 15. a4 Bb7 16. a5 Rad8 17. axb6 axb6 18. Nxd7 Rxd7 19. Bb2 Qc6 20. f3 Nh5 21. Qd2 f6 22. Kh1 e5 23. Qb4 Kg7 24. Bb5 Qd6 25. Qxd6 Rxd6 26. Ba3 Rd2 27. Bxf8+ Kxf8 28. Re2 Rd5 29. Bd3 f5 30. Rb1 Nf4 31. Ree1 Nxd3 32. cxd3 Rxd3 33. Rxe5 Rd6 34. Reb5 1-0

[Event "Late-Titled-Tuesday-Blitz-June-04-2024"]
[Site "Chess.com"]
[Date "2024.06.04"]
[Round "3"]
[White "TheoSlade"]
[Black "chess94cu"]
[Result "1-0"]
[WhiteElo "2460"]
[BlackElo "2618"]
[TimeControl "180+1"]
[EndTime "14:26:55 PDT"]
[Termination "TheoSlade won by resignation"]

1. d4 Nf6 2. c4 e6 3. g3 d5 4.
Bg2 Be7 5. Nf3 O-O 6. O-O c6 7. Qc2 b6 8. b3 Bb7 9. Nc3 Nbd7 10. e4 dxe4 11. Nxe4 c5 12. Nxf6+ Nxf6 13. Rd1 cxd4 14. Nxd4 Qc8 15. Bb2 Rd8 16. Rd3 Bxg2 17. Kxg2 Qb7+ 18. f3 Nd7 19. Rad1 Ne5 20. R3d2 Rxd4 21.
Rxd4 Nxf3 22. Qe4 Qxe4 23. Rxe4 Ng5 24. Red4 h5 25. Rd7 Bc5 26. Rd8+ Rxd8 27. Rxd8+ Kh7 28. Rd7 Kg6 29. Rxa7 Ne4 30. a3 f6 31. b4 Be3 32.
Kf3 Nd2+ 33. Kxe3 Nxc4+ 34. Kd4 Nxb2 35. Ra6 b5 36. Rxe6 Kf5 37. Rb6 Kg4 38. Rxb5 g5 39. Rb8 f5 40. b5 Na4 41. b6 Kh3 42. b7 Nb6 43. Rd8 1-0

[Event "Late-Titled-Tuesday-Blitz-June-04-2024"]
[Site "Chess.com"]
[Date "2024.06.04"]
[Round "3"]
[White "LUISMIGUELOV"]
[Black "Kopytkin"]
[Result "0-1"]
[WhiteElo "2208"]
[BlackElo "2417"]
[TimeControl "180+1"]
[EndTime "14:26:55 PDT"]
[Termination "Kopytkin won by resignation"]

1. e4 Nf6 2. e5 Nd5 3. c4 Nb6 4. Nc3 d6 5. f4 dxe5 6. fxe5 c5 7.
Nf3 Nc6 8. Nb5 a6 9. Nc3 Bg4 10.
Ne4 e6 11. h3 Bh5 12. g4 Bg6 13. d3 Nd7 14. Bf4 Bxe4 15. dxe4 Qa5+ 16. Qd2 Qxd2+ 17. Kxd2 O-O-O 18. Kc3 h6 19. Be2 g5 20. Bg3 Bg7 21. Rhf1 Ndxe5 22. Nxe5 Bxe5+ 23. Bxe5 Nxe5 24. a3 Rd4 25. b4 b6 26. Rad1 Rhd8 27. Rxd4 cxd4+ 28. Kd2 d3 29. Bd1 Nxc4+ 30. Kc3 Ne5 31. Rf6 Rh8 32. a4 Kd7 33. a5 bxa5 34. bxa5 Ke7 35. Rf2 Rc8+ 36. Kd2 Rb8 37. Ke3 f6 38. Ra2 Rb5 39. Ra4 Rxa5 40. Rxa5 Nc4+ 41. Kxd3 Nxa5 42. Kd4 Kd6 43. e5+ fxe5+ 44.
Ke4 Nb7 45. Ba4 Nc5+ 0-1

[Event "Late-Titled-Tuesday-Blitz-June-04-2024"]
[Site "Chess.com"]
[Date "2024.06.04"]
[Round "3"]
[White "NikolaGry"]
[Black "garfield_pg"]
[Result "1-0"]
[WhiteElo "2697"]
[BlackElo "2471"]
[TimeControl "180+1"]
[EndTime "14:26:56 PDT"]
[Termination "NikolaGry won by resignation"]

1. b3 d5 2. Bb2 Bg4 3. Nf3 Nd7 4. e3 e5 5. h3 Bxf3 6. Qxf3 Ngf6 7. c4 c6 8. cxd5 cxd5 9. Bb5 Bd6 10. Nc3 e4 11. Qf5 a6 12. Bxd7+ Qxd7 13. Qg5 Qe6 14. Na4 Nd7 15. Qxg7 O-O-O 16. Qg4 f5 17. Qe2 Rhg8 18. g3 Ne5 19. Rc1+ Kb8 20. Bxe5 Bxe5 21. Nc5 Qb6 22. d4 exd3 23. Nxd3 Bf6 24. Kf1 d4 25.
e4 Rge8 26. e5 Qb5 27. f4 Qd5 28. Kf2 Re6 29. Qf3 Qxf3+ 30. Kxf3 Be7 31. Rc4 Ba3 32. g4 fxg4+ 33. hxg4 Rd5 1-0

[Event "Late-Titled-Tuesday-Blitz-June-04-2024"]
[Site "Chess.com"]
[Date "2024.06.04"]
[Round "3"]
[White "osh1ro"]
[Black "Supelyel"]
[Result "1-0"]
[WhiteElo "2621"]
[BlackElo "2431"]
[TimeControl "180+1"]
[EndTime "14:26:56 PDT"]
[Termination "osh1ro won by resignation"]

1. d4 d6 2. Nf3 Nf6 3. g3 Nbd7 4. Bg2 e5 5. c4 c6 6. Nc3 Be7 7. e4 O-O 8. O-O a6 9. a4 a5 10. Qc2 Re8 11. Rd1 Qc7 12. h3 h6 13. Be3 b6 14.
Nh4 Bf8 15. Nf5 Ba6 16. b3 Rad8 17. Rd2 Bb7 18. Rad1 Kh7 19. f4 g6 20. dxe5 dxe5 21. Nd6 Bxd6 22. Rxd6 Nd5 23. exd5 Qxd6 24. dxc6 Qc7 25.
cxb7 Nc5 26. Nd5 Qd6 27. fxe5 Qxe5 28. Bd4 Rxd5 29. Bxe5 Rdxe5 30. Qf2 Kg7 31. Rf1 f6 32. Qxf6+ 1-0

[Event "Late-Titled-Tuesday-Blitz-June-04-2024"]
[Site "Chess.com"]
[Date "2024.06.04"]
[Round "3"]
[White "PapaieDudu"]
[Black "Synctel"]
[Result "0-1"]
[WhiteElo "2332"]
[BlackElo "2077"]
[TimeControl "180+1"]
[EndTime "14:26:58 PDT"]
[Termination "Synctel won on time"]

1. e4 e6 2. d4 d5 3. Nc3 Nf6 4.
e5 Nfd7 5. h4 c5 6. Be3 Nc6 7. Bb5 Qb6 8. Nf3 a6 9. Ba4 Qa5 10. a3 cxd4 11. Nxd4 Ncxe5 12. b4 Qc7 13. Nxe6 fxe6 14. Qh5+ g6 15. Qd1 Qxc3+ 16. Bd2 Qd4 17. O-O Qxh4 18. g3 Qh3 19. Qe2 Bg7 20. f4 Nc4 21. c3 Nxd2 0-1

[Event "Late-Titled-Tuesday-Blitz-June-04-2024"]
[Site "Chess.com"]
[Date "2024.06.04"]
[Round "3"]
[White "Artyom_ChessMate"]
[Black "Naruna_Chan"]
[Result "1-0"]
[WhiteElo "2541"]
[BlackElo "2279"]
[TimeControl "180+1"]
[EndTime "14:27:04 PDT"]
[Termination "Artyom_ChessMate won by resignation"]

1. e4 c5 2. Nc3 Nc6 3. Bb5 e5 4. Bxc6 bxc6 5. d3 d6 6. f4 exf4 7. Bxf4 Be7 8. Nf3 Nf6 9. O-O O-O 10. e5 Ng4 11. exd6 Bxd6 12. Bxd6 Qxd6 13. Qe1 Be6 14.
Ne4 Qd5 15. h3 Nh6 16. b3 Bf5 17. Nfd2 Rae8 18. Qf2 Bg6 19. Qxc5 Qd7 20. Rae1 Nf5 21.
Nc4 Qd4+ 22. Qxd4 Nxd4 23. Ncd6 Re6 24. c3 Nb5 25. Nxb5 cxb5 26. Nc5 Rd6 27. d4 b4 28. cxb4 Rxd4 29. a3 h6 30. Re7 Ra8 31. Rb7 a5 32. b5 Rd5 33. Rc7 Bc2 34. b6 Rb8 35. b7 Rdd8 36.
Rc1 Bg6 37. Na6 1-0

[Event "Late-Titled-Tuesday-Blitz-June-04-2024"]
[Site "Chess.com"]
[Date "2024.06.04"]
[Round "3"]
[White "Sacbutt"]
[Black "ImportedItalianMaple"]
[Result "0-1"]
[WhiteElo "2323"]
[BlackElo "2552"]
[TimeControl "180+1"]
[EndTime "14:27:05 PDT"]
[Termination "ImportedItalianMaple won on time"]

1. d4 g6 2. c4 Bg7 3. Nc3 c5 4. d5 Bxc3+ 5. bxc3 e5 6. e4 d6 7. Bd3 Qe7 8. Ne2 Nd7 9. O-O h5 10. Qc2 Nf8 11. f4 f6 12. Bd2 Rh7 13. Rab1 Kd8 14. a4 Kc7 15. a5 h4 16. Rb2 h3 17. g3 Nh6 18. fxe5 fxe5 19. Qb3 Ng4 20. Nc1 Rf7 21.
Na2 Nh7 22. Bc1 Rxf1+ 23. Bxf1 Ng5 24. Bxg5 Qxg5 25. Re2 Bd7 26. Bxh3 Rh8 27. Bxg4 Qxg4 28.
Qd1 Qh5 29. Qf1 Rh7 30. Nc1 Bh3 31. Qf2 Qg5 32. Qe3 Rf7 0-1